cohdb
Replays
Latest Replays
All Replays
Popular Replays
Top Player Replays
Match Explorer
How It Works
Community
CoH3 Stats
Reddit
Sign in to upload your games and track your stats! →
Sign in with Steam
Match 40315042
Unlisted
Match 40315042
Overview
Messages
Build Orders
End
Construct Barracks
Selects Advanced Infantry Battlegroup
Riflemen Squad
Riflemen Squad
M1 Mortar Team
Riflemen Squad
Infantry Support Center
Selects Convert to Ranger Squad
Convert to Ranger Squad
Construct Motor Pool
Selects Frontline Medical Station
Frontline Medical Station
Convert to Ranger Squad
Advanced Logistics
Grenade Package
Convert to Ranger Squad
Selects Artillery Observers
Construct Tank Depot
Selects Ranger Weapon Training
Construct Weapon Support Center
Ranger Squad
Improved M9 Bazooka Rockets
M4(105) Sherman Bulldozer
Engineer Squad
M4(105) Sherman Bulldozer
Selects M2A1 105mm Howitzer Emplacement
Selects Free Fire Drills
Survival Training
Ranger Squad
TidaL
Totochic
Vortech.FiveOh
Lioc
Reztes
Papperskorg
Ocete
Skaarj
0
0
Comments
sign in to comment!
No comments posted yet!